 Dungeon Crawl Stone Soup version 0.18.1-48-g4cf74bf (console) character file.

6501 Kloppie the Cleaver (level 11, 0/141 HPs)
             Began as a Hill Orc Fighter on July 24, 2016.
             Was a Priest of Yredelemnul.
             Slain by a killer bee (2 damage)
             ... on level 1 of the Lair of Beasts on July 26, 2016.
             The game lasted 00:15:41 (9597 turns).

Kloppie the Cleaver (Hill Orc Fighter)              Turns: 9597, Time: 00:15:42

Health: 0/141      AC: 25    Str: 20    XL:     11   Next: 0%
Magic:  11/11      EV:  2    Int:  8    God:    Yredelemnul [***...]
Gold:   582        SH: 12    Dex: 13    Spells: 0 memorised, 10 levels left

rFire  . . .     SeeInvis +     a - +0 war axe
rCold  . . .     Gourm    .     (armour currently unavailable)
rNeg   + + +     Faith    .     c - +0 shield
rPois  +         Spirit   .     (helmet currently unavailable)
rElec  .         Dismiss  .     (cloak currently unavailable)
rCorr  .         Reflect  .     (gloves currently unavailable)
SustAt .         Harm     .     (boots currently unavailable)
MR     .....     NoTele   +     (no amulet)
Stlth  +.........               y - ring of see invisible
                                w - ring of positive energy

@: tree-form, not resistant to hostile enchantments, very unstealthy
A: no striking features
a: Recall Undead Slaves, Injury Mirror, Animate Dead, Renounce Religion


You were on level 1 of the Lair of Beasts.
You worshipped Yredelemnul.
Yredelemnul was most pleased with you.
You were hungry.
You were a tree.
You visited 2 branches of the dungeon, and saw 9 of its levels.

You collected 678 gold pieces.
You spent 96 gold pieces at shops.

Inventory:

Hand Weapons
 a - a +0 war axe (weapon)
 b - a +1 flail of protection
Armour
 c - a +0 shield (worn)
 C - a +0 helmet (melded)
 D - a +0 cloak of magic resistance (melded)
 E - a +0 plate armour (melded)
Jewellery
 w - a ring of positive energy (left branch)
 y - a ring of see invisible (right branch)
Wands
 F - a wand of slowing (35/48)
Scrolls
 d - 2 scrolls of blinking
 h - 4 scrolls of amnesia
 n - 8 scrolls of teleportation
 p - a scroll of magic mapping
 q - a scroll of identify
 v - 3 scrolls of remove curse
Potions
 j - a potion of brilliance
 o - a potion of cancellation
 r - a potion of haste
 s - 3 potions of mutation
 u - 2 potions of flight
 z - 2 potions of degeneration {unknown}
 A - a potion of berserk rage {unknown}
 B - a potion of resistance {unknown}
Comestibles
 f - 5 bread rations
 g - 4 meat rations
 i - 10 beef jerkies
 k - 2 slices of pizza
 l - 9 royal jellies


   Skills:
 - Level 7.8 Fighting
 + Level 14.4 Axes
 - Level 3.2 Armour
 + Level 11.3 Shields


You had 10 spell levels left.
You didn't know any spells.

Dungeon Overview and Level Annotations

Branches:
Dungeon (8/15)             Temple (0/1) D:6            Lair (1/8) D:8

Altars:
Dithmenos
Fedhas
Makhleb
Yredelemnul
Zin

Shops:
D:4 ?

Annotations:
D:2 Sigmund
D:8 4 runed doors


Message History

The queen bee is moderately wounded.
The killer bee stings you.
* * * LOW HITPOINT WARNING * * *
The killer bee stings you but does no damage.
The queen bee stings you but does no damage.
Drink which item? (? for menu, Esc to quit)
Okay, then.
Read which item? (? for menu, Esc to quit)
You cannot teleport because you are held in place by your roots.
Read which item? (? for menu, Esc to quit)
Okay, then.
Drink which item? (? for menu, Esc to quit)
Okay, then.
You hit the queen bee but do no damage.
The queen bee is moderately wounded.
You closely miss the killer bee.
The killer bee is severely wounded.
You block the killer bee's attack. The killer bee stings you.
You die...
Your body rises from the dead as a mindless zombie.

####.....#..................#
##.....#####..................#
......## ##....................
...#### #.................#P##.
#### #................### #
#.............#### #
#............## ##.†.y......###
#....y♣....P# #.#####...### .%
#..## #. #..# # #.## #.# .. #.#
.. ### ..


You could see a queen bee and a killer bee (berserk).

Vanquished Creatures
  Erica (D:8)
  A spiny frog (D:8)
  3 blink frogs (Lair:1)
  A hippogriff (D:8)
  Edmund (D:4)
  2 soldier ants (D:8)
  A water moccasin (D:6)
  An orc warrior (D:7)
  An ice beast (D:7)
  6 ogres
  3 phantoms
  4 centaurs
  A crocodile (Lair:1)
  5 giant frogs
  A scorpion (D:8)
  19 killer bees (Lair:1)
  9 wights (D:8)
  8 howler monkeys
  2 electric eels (D:7)
  2 centaur zombies
  4 crimson imps
  A giant frog zombie (D:5)
  A jelly (D:6)
  4 hounds
  2 centaur skeletons
  6 iguanas
  6 orc wizards
  3 worker ants
  A hound zombie (D:8)
  A hound skeleton (D:7)
  8 gnolls
  8 adders
  5 worms
  5 dart slugs
  3 giant geckos (D:4)
  20 orcs
  A ball python (D:6)
  7 bats
  10 giant cockroaches
  5 goblins
  4 hobgoblins
  10 jackals
  3 quokkas
  A giant cockroach zombie (D:5)
  4 giant newts
  7 kobolds
  4 rats
206 creatures vanquished.

Notes
Turn   | Place    | Note
--------------------------------------------------------------
     0 | D:1      | Kloppie the Hill Orc Fighter began the quest for the Orb.
     0 | D:1      | Reached XP level 1. HP: 19/19 MP: 1/1
    94 | D:1      | Reached skill level 3 in Axes
   113 | D:1      | Reached XP level 2. HP: 23/27 MP: 2/2
   292 | D:1      | Reached XP level 3. HP: 32/33 MP: 3/3
   604 | D:2      | Found a burning altar of Makhleb.
   607 | D:2      | Found a basalt altar of Yredelemnul.
   610 | D:2      | Found a glowing silver altar of Zin.
   648 | D:2      | Became a worshipper of Yredelemnul the Dark
   744 | D:2      | Noticed Sigmund
   762 | D:3      | Reached skill level 4 in Axes
   862 | D:3      | Found a faded altar to an unknown god.
   896 | D:3      | Reached XP level 4. HP: 33/41 MP: 4/4
  1005 | D:3      | Reached skill level 5 in Fighting
  1369 | D:3      | Reached skill level 5 in Axes
  1392 | D:3      | Reached XP level 5. HP: 43/48 MP: 5/5
  1987 | D:4      | Noticed Edmund
  2007 | D:4      | Killed Edmund
  2007 | D:4      | Reached skill level 6 in Axes
  2007 | D:4      | Reached XP level 6. HP: 47/58 MP: 6/6
  2087 | D:4      | Reached * piety under Yredelemnul
  2143 | D:4      | Found a shadowy altar of Dithmenos.
  2370 | D:4      | Noticed a phantom
  2382 | D:4      | Killed a phantom
  2461 | D:4      | Noticed a phantom
  2502 | D:4      | Killed a phantom
  2502 | D:4      | Reached skill level 7 in Axes
  2502 | D:4      | Reached XP level 7. HP: 38/66 MP: 7/7
  2903 | D:4      | Found Guwnetei's Magic Scroll Shop.
  2919 | D:4      | Bought a scroll of identify for 24 gold pieces
  2919 | D:4      | Bought a scroll of teleportation for 36 gold pieces
  2919 | D:4      | Bought a scroll of remove curse for 36 gold pieces
  2980 | D:5      | Entered Level 5 of the Dungeon
  3105 | D:5      | Reached skill level 8 in Axes
  3420 | D:5      | Reached XP level 8. HP: 22/74 MP: 8/8
  3873 | D:5      | Found a burning altar of Makhleb.
  3937 | D:5      | Reached skill level 9 in Axes
  4280 | D:6      | Found a blossoming altar of Fedhas.
  4295 | D:6      | Reached skill level 5 in Shields
  4647 | D:6      | Found a staircase to the Ecumenical Temple.
  4882 | D:6      | Reached skill level 10 in Axes
  4895 | D:6      | Reached ** piety under Yredelemnul
  5535 | D:7      | Reached XP level 9. HP: 81/81 MP: 9/9
  5789 | D:7      | Reached skill level 11 in Axes
  6637 | D:8      | Noticed Erica
  6639 | D:8      | Found a staircase to the Lair.
  6656 | D:8      | HP: 4/81 [Erica/scimitar of flaming (1)]
  6660 | D:8      | Killed Erica
  6660 | D:8      | Reached skill level 12 in Axes
  6666 | D:8      | HP: 4/81 [poisoned by a worker ant]
  6672 | D:7      | HP: 3/81 [poisoned by a worker ant]
  6679 | D:7      | HP: 2/81 [poisoned by a worker ant]
  6687 | D:7      | HP: 2/81 [poisoned by a worker ant]
  7089 | D:8      | Reached XP level 10. HP: 88/88 MP: 10/10
  7359 | D:8      | Reached skill level 13 in Axes
  7382 | D:8      | Found a huge runed gate.
  7382 | D:8      | Found a huge runed gate.
  7382 | D:8      | Found a huge runed gate.
  7383 | D:8      | Noticed a death yak
  7383 | D:8      | Found a huge runed gate.
  7384 | D:8      | Noticed a griffon
  7569 | D:8      | Reached skill level 10 in Shields
  8304 | D:8      | Noticed a spiny frog
  8316 | D:8      | Killed a spiny frog
  8543 | Lair:1   | Entered Level 1 of the Lair of Beasts
  8761 | Lair:1   | Reached skill level 14 in Axes
  8772 | Lair:1   | Reached *** piety under Yredelemnul
  9593 | Lair:1   | Reached XP level 11. HP: 10/94 MP: 11/11
  9595 | Lair:1   | HP: 3/141 [killer bee (8)]
  9596 | Lair:1   | HP: 1/141 [killer bee (2)]
  9597 | Lair:1   | Slain by a killer bee

Skill      XL: |  1  2  3  4  5  6  7  8  9 10 |
---------------+-------------------------------+-----
Axes           | 3 4 5 6 7 8 10 12 14 | 14.4
Fighting       | 4 5 6 7 |  7.8
Shields        | 4 6 9 11 | 11.3
Armour         | |  3.2

Action                   |  1- 3 |  4- 6 |  7- 9 | 10-12 || total
-------------------------+-------+-------+-------+-------++-------
Melee: War axe           |    97 |   140 |   316 |   358 ||   911
  Use: Potion            |       |     1 |     5 |     5 ||    11
       Scroll            |       |       |    15 |     1 ||    16
  Eat: Chunk             |       |     5 |    15 |     4 ||    24
       Royal jelly       |       |       |       |     2 ||     2
Armor: Scale mail        |    53 |       |       |       ||    53
       Chain mail        |     9 |    87 |   139 |       ||   235
       Plate armour      |       |       |    21 |   144 ||   165
       Skin              |       |       |       |    26 ||    26
Dodge: Dodged            |    53 |    46 |   109 |    52 ||   260
Block: Shield            |       |       |     1 |   240 ||   241
